Map: Ruines d’Endion

Players

ImpfVGER - Winner!

  • Race: Terran Terran
  • League: Gold
  • Spawn Location: 5:00

zidar

  • Race: Zerg Zerg
  • League: Gold
  • Spawn Location: 7:00

VOD

Have the link to the VOD?

Description

Time

  • Played on: June 19, 2016, 12:23 p.m.
  • Length: 9:22
Show
View Real Time Build Order
Export as new Build Order

ImpfVGER Terran - Winner!

Build Orders:  

Get SALT Encoding   

  12  0:01  SCV  
  13  0:13  SCV  
  14  0:18  Supply Depot  
  14  0:25  SCV  
  15  0:40  SCV  
  15  0:42  Barracks  
  16  0:49  Refinery  
  16  0:52  SCV  
  17  1:04  SCV  
  18  1:16  SCV  
  19  1:34  Command Center  
  19  1:35  Barracks Reactor  
  19  1:43  Orbital Command  
  19  2:03  Supply Depot  
  19  2:09  SCV  
  19  2:12  Marine x2  
  22  2:18  Factory  
  22  2:21  SCV  
  23  2:30  Marine  
  23  2:33  SCV  
  25  2:39  Marine  
  26  2:45  SCV  
  26  2:48  Marine, Orbital Command  
  28  2:57  Marine, SCV  
  30  3:04  Starport  
  30  3:05  Marine, Factory Reactor  
  30  3:09  SCV  
  32  3:14  Bunker  
  32  3:15  Marine  
  32  3:18  Supply Depot  
  32  3:19  SCV  
  34  3:23  Marine  
  34  3:26  Refinery  
  35  3:27  SCV  
  36  3:37  SCV  
  36  3:39  SCV  
  38  3:44  Marine x2  
  38  3:48  Starport Reactor  
  44  3:49  SCV  
  44  3:51  SCV  
  44  3:54  Widow Mine x2  
  46  4:01  SCV  
  47  4:03  Marine x2, SCV  
  50  4:12  Supply Depot  
  50  4:13  SCV  
  50  4:14  Supply Depot  
  50  4:15  SCV  
  54  4:25  Widow Mine  
  54  4:34  Marine, Reaper, SCV x2, Medivac  
  54  4:37  Refinery, Supply Depot  
  60  4:40  Refinery  
  60  4:46  SCV x2  
  60  4:50  Barracks  
  62  4:58  Marine, SCV x2  
  62  4:59  Barracks  
  65  5:00  Barracks  
  65  5:06  Marine  
  68  5:08  Medivac  
  68  5:09  Widow Mine, Medivac  
  68  5:10  SCV  
  73  5:16  Marine  
  73  5:18  SCV  
  75  5:22  SCV  
  75  5:24  Marine  
  77  5:30  SCV  
  77  5:35  Supply Depot  
  78  5:38  Supply Depot  
  78  5:56  Marine x2, SCV x2, Medivac x2  
  86  5:58  Supply Depot  
  90  6:07  Widow Mine x2  
  90  6:08  SCV x2  
  90  6:10  Barracks Tech Lab  
  90  6:11  Barracks Reactor x2  
  92  6:14  Marine x2  
  94  6:20  Engineering Bay  
  94  6:28  SCV  
  94  6:29  SCV  
  94  6:30  Marine  
  94  6:31  Marine x2  
  99  6:33  Medivac  
  101  6:40  SCV  
  101  6:45  Supply Depot  
  101  6:46  Supply Depot  
  102  6:54  Marine, SCV, Medivac  
  102  6:55  SCV  
  93  7:03  Marine x6, Medivac  
  93  7:06  SCV  
  93  7:07  SCV, Stimpack  
  102  7:12  Marine  
  102  7:14  Supply Depot  
  103  7:16  Supply Depot  
  103  7:18  SCV  
  103  7:19  SCV  
  103  7:21  Marine x6  
  111  7:29  Marine  
  111  7:30  SCV  
  113  7:39  Marine x6  
  113  7:45  Medivac x2  
  113  7:47  Marine  
  122  7:51  Widow Mine  
  122  7:52  Widow Mine  
  122  7:56  Marine  
  122  7:57  Marine x5  
  128  8:05  Marine  
  128  8:08  Command Center  
  129  8:14  Marine x2  
  129  8:15  Marine, Medivac  
  134  8:40  Supply Depot  
  134  8:43  Supply Depot  
  134  9:02  Marine x4  
  142  9:04  Marine  
Show
View Real Time Build Order
Export as new Build Order

zidar Zerg 

Build Orders: Pool First 

Get SALT Encoding   

  12  0:02  Drone  
  13  0:12  Overlord  
  13  0:17  Drone  
  14  0:31  Drone x2  
  16  0:43  Spawning Pool  
  16  0:46  Drone  
  16  1:10  Hatchery  
  15  1:12  Drone  
  15  1:16  Extractor  
  15  1:18  Drone  
  16  1:30  Queen  
  18  1:34  Drone  
  19  1:44  Overlord  
  19  1:52  Drone x2  
  21  2:09  Queen  
  21  2:10  Drone x2  
  25  2:18  Zergling x2  
  26  2:23  Zergling x2  
  26  2:27  Extractor  
  26  2:29  Zergling x2  
  27  2:47  Drone x5  
  32  3:09  Baneling Nest  
  32  3:11  Metabolic Boost  
  31  3:16  Drone  
  31  3:17  Drone x4  
  36  3:26  Overlord  
  35  3:27  Overlord  
  35  3:29  Overlord  
  35  3:51  Pneumatized Carapace  
  35  3:53  Lair  
  35  3:58  Zergling x14  
  42  4:06  Drone x2  
  42  4:07  Drone x2  
  42  4:09  Drone  
  47  4:19  Baneling x5  
  47  4:27  Drone x4  
  51  4:38  Drone x2  
  53  4:39  Evolution Chamber  
  53  4:41  Evolution Chamber  
  51  5:01  Drone  
  51  5:05  Drone  
  53  5:12  Hatchery  
  53  5:13  Centrifical Hooks  
  52  5:14  Spire  
  52  5:16  Zerg Melee Weapons Level 1  
  51  5:23  Queen  
  51  5:26  Extractor  
  51  5:28  Extractor  
  51  5:29  Drone x4  
  51  5:30  Drone x3  
  51  5:31  Drone  
  59  5:36  Zerg Ground Armor Level 1  
  60  6:15  Overlord  
  60  6:16  Overlord  
  59  6:24  Zergling x2  
  60  6:36  Zergling x10  
  60  6:37  Zergling x16  
  73  6:40  Baneling x7  
  73  6:52  Corruptor  
  68  7:03  Overseer  
  68  7:20  Hatchery  
  66  7:44  Zergling x18  
  71  7:46  Overlord  
  71  7:47  Overlord x4  
  75  8:03  Hatchery  
  75  8:04  Queen, Baneling x2  
  76  8:06  Baneling x8  
  76  8:23  Zergling x12  
  82  8:50  Corruptor x4, Infestation Pit  
  82  8:51  Corruptor x3  
  82  8:52  Corruptor  
Tags
 
League
GoldGold
Matchup
TvZ
Opening
Pool First
Spawn Locations
Close Positions
Add a new tag
Caveats
  • Supply blocks, unpowered buildings, or Contaminate may cause inaccurate times.
  • Supply counts are checked every 10 seconds.